 Dungeon Crawl Stone Soup version 0.30-a0-457-g4b7bca3bfa (webtiles) character file.

Game seed: 9653979536821995196

529 purpskrrrp the Ruffian (level 7, 0/66 HPs)
             Began as a Troll Fighter on Dec 12, 2022.
             Slain by an orc
             ... wielding a +0 spear
              (5 damage)
             ... on level 4 of the Dungeon.
             The game lasted 00:05:57 (2495 turns).

purpskrrrp the Ruffian (Troll Fighter)              Turns: 2495, Time: 00:05:57

Health: 0/66       AC:  2    Str: 27    XL:     7   Next: 3%
Magic:  6/6        EV:  8    Int:  4    God:
Gold:   193        SH:  7    Dex:  9    Spells: 6/6 levels left

rFire   + . .      SeeInvis .    k - +9 staff of Olgreb {rPois∞}
rCold   + . .      Faith    .    b - +0 kite shield
rNeg    + . .      Spirit   .    a - +0 robe
rPois   ∞          Reflect  .    d - -2 hat of the Alchemist {rElec rPois rF+ rC+ rN+ Will+ rMut rCorr}
rElec   +          Harm     .    (no cloak)
rCorr   +          Rampage  .    (gloves unavailable)
rMut    +                        (boots unavailable)
Will    +....                    (no amulet)
Stlth   +.........               (no ring)
HPRegen 1.11/turn                (no ring)
MPRegen 0.10/turn

@: mighty
A: large, unfitting armour, claws 3, regeneration 1, shaggy fur 1, tough skin 1
a: Evoke the Staff of Olgreb


You were on level 4 of the Dungeon.
You visited 1 branch of the dungeon, and saw 4 of its levels.

You collected 193 gold pieces.

Inventory:

Hand Weapons
 k - the +9 staff of Olgreb (weapon) {rPois∞}
   (You acquired it on level 2 of the Dungeon)

   If the wielder is skilled in Evocations, they can envenom those struck by it,
   dealing poison damage which bypasses armour.
   It enhances your poison magic.
   It grants immunity to poison.
   It can be activated via the 'a'bility menu to radiate toxic energy, with
   effectiveness depending on Evocations skill.
Missiles
 n - a throwing net (quivered)
Armour
 a - a +0 robe (worn)
 b - a +0 kite shield (worn)
 d - the -2 hat of the Alchemist (worn) {rElec rPois rF+ rC+ rN+ Will+ rMut rCorr}
   (You acquired it on level 1 of the Dungeon)

   rF:        It protects you from fire.
   rC:        It protects you from cold.
   rElec:     It insulates you from electricity.
   rPois:     It protects you from poison.
   rN:        It protects you from negative energy.
   rCorr:     It protects you from acid and corrosion.
   rMut:      It protects you from mutation.
   Will:      It increases your willpower.
Jewellery
 j - a +4 ring of evasion
Wands
 r - a wand of iceblast (5)
Scrolls
 h - a scroll of enchant weapon
 o - a scroll of silence {unknown}
 p - 2 scrolls of vulnerability {unknown}
 q - a scroll of magic mapping {unknown}
 s - a scroll of amnesia {unknown}
 t - a scroll of immolation {unknown}
 v - a scroll of blinking {unknown}
 x - a scroll of teleportation
Potions
 c - a potion of might
 e - a potion of degeneration {unknown}
 f - 2 potions of heal wounds
 g - a potion of curing
 i - 2 potions of invisibility {unknown}
 l - a potion of cancellation {unknown}
 m - a potion of resistance {unknown}
 u - a potion of flight {unknown}
 w - a potion of attraction {unknown}


   Skills:
 - Level 2.4 Fighting
 + Level 2.7 Staves
 - Level 2.4 Dodging
 - Level 2.6 Shields
 - Level 4.3 Unarmed Combat
 * Level 3.7 Evocations


You had 6 spell levels left.
You didn't know any spells.
Your spell library contained the following spells:

 Spells                   Type           Power      Damage    Failure   Level
 Ozocubu's Armour         Ice            0%         N/A       99%         3
 Portal Projectile        Hex/Tloc       0%         N/A       99%         3
 Tukima's Dance           Hex            0%         N/A       99%         3
 Anguish                  Hex/Necr       0%         N/A       100%        4
 Passage of Golubria      Tloc           0%         N/A       100%        4
 Blade Hands              Tmut           0%         N/A       100%        5
 Metabolic Englaciation   Hex/Ice        0%         N/A       100%        5
 Yara's Violent Unravell  Hex/Tmut       0%         3d3       100%        5
 Simulacrum               Ice/Necr       0%         N/A       100%        6
 Enfeeble                 Hex            0%         N/A       100%        7


Dungeon Overview and Level Annotations

Branches:
Dungeon (4/15)
 Temple: D:4-7

Altars:
Qazlal
Xom

Shops:
D:3 *


Innate Abilities, Weirdness & Mutations

You are too large for most types of armour.
You have claws for hands.
Your natural rate of healing is unusually fast.
You are covered in fur. (AC +1)
You have tough skin. (AC +1)


Message History

The orc hits you with a +0 rapier. The orc barely misses you.
You sock the orc!
You kill the orc!
The hound bites you. The orc priest closely misses you.
The endoplasm freezes you.
You are frozen.
You resist. The hound bites you.
The orc hits you from afar with a +0 spear.
You sock the orc priest!
The orc priest is heavily wounded.
The hound barely misses you.
The orc priest hits you with a +0 war axe.
The endoplasm hits you but does no damage.
The orc barely misses you. The hound barely misses you.
You sock the orc priest!
You kill the orc priest!
The hound bites you. The endoplasm freezes you.
You are frozen.
You resist.
* * * LOW HITPOINT WARNING * * *
The orc closely misses you. The hound barely misses you.
You have reached level 7!
You closely miss the hound.
The hound is severely wounded.
The endoplasm hits you but does no damage.
The orc closely misses you.
A goblin comes into view. It is wielding a +0 club.
The kobold barely misses you. The hound bites you.
* * * LOW HITPOINT WARNING * * *
You sock the hound!
You kill the hound!
The orc hits you from afar with a +0 spear.
* * * LOW HITPOINT WARNING * * *
The endoplasm hits you.
* * * LOW HITPOINT WARNING * * *
The kobold hits you with a +0 dagger.
* * * LOW HITPOINT WARNING * * *
The kobold hits you but does no damage. The hobgoblin hits you.
* * * LOW HITPOINT WARNING * * *
The orc hits you from afar with a +0 spear.
You die...

. # #. ..# .#.. ..##
....#####..######## ####
..g...............###...
#...#...# #####.##...#
#...K)#.###<..........
#.#.#@...##.###.##....
#..ogJ....†.....>.<.#.
#...)..............##.
...$.....#..#.###.##.#..
#...###.##..#.# #......#
.... #.##..#.# #.##.#..
... #....$... ..##.##.
.. ........# ..## ...
####..### .# ####


You could see an orc, an endoplasm, a hobgoblin, a goblin and a kobold.

Vanquished Creatures
  An ice beast (D:4)
  An ogre (D:4)
  2 hounds (D:4)
  3 orc priests
  A jelly (D:4)
  An iguana (D:4)
  Ijyb (D:3)
  An orc wizard (D:3)
  2 adders (D:2)
  2 dart slugs
  11 orcs
  10 ball pythons
  7 endoplasms
  6 giant cockroaches
  13 goblins
  3 hobgoblins
  3 jackals (D:4)
  4 quokkas
  10 bats
  3 frilled lizards
  7 kobolds
  3 rats (D:3)
95 creatures vanquished.

Notes
Turn   | Place    | Note
-------+----------+-------------------------------------------
     0 | D:1      | purpskrrrp the Troll Fighter began the quest for the Orb.
     0 | D:1      | Reached XP level 1. HP: 22/22 MP: 0/0
   186 | D:1      | Reached XP level 2. HP: 29/29 MP: 1/1
   241 | D:1      | Reached skill level 3 in Unarmed Combat
   634 | D:1      | Identified a scroll of acquirement
   634 | D:1      | Acquired the -2 hat of the Alchemist {rElec rPois rF+ rC+
                  | rN+ Will+ rMut rCorr}
   634 | D:1      | Found the -2 hat of the Alchemist {rElec rPois rF+ rC+ rN+
                  | Will+ rMut rCorr}
   663 | D:2      | Reached XP level 3. HP: 36/36 MP: 2/2
   752 | D:2      | Reached skill level 4 in Unarmed Combat
   935 | D:2      | Identified the +10 trident "Isut Mok" {vorpal, Str+4
                  | Stlth+}
  1026 | D:2      | Reached XP level 4. HP: 44/44 MP: 3/3
  1271 | D:2      | Acquired the +9 staff of Olgreb {rPois∞}
  1271 | D:2      | Found the +9 staff of Olgreb {rPois∞}
  1356 | D:3      | Reached skill level 1 in Staves
  1356 | D:3      | Reached skill level 1 in Evocations
  1395 | D:3      | Found a stormy altar of Qazlal.
  1543 | D:3      | Reached XP level 5. HP: 50/50 MP: 4/4
  1695 | D:3      | Found Gepsocir's Assorted Antiques.
  1713 | D:3      | Found a shimmering altar of Xom.
  1714 | D:3      | Found a shimmering altar of Xom.
  1716 | D:3      | Found a shimmering altar of Xom.
  1717 | D:3      | Found a shimmering altar of Xom.
  1717 | D:3      | Found a shimmering altar of Xom.
  1717 | D:3      | Found a shimmering altar of Xom.
  1750 | D:3      | Noticed Ijyb
  1781 | D:3      | Killed Ijyb
  2326 | D:4      | Noticed an ice beast
  2330 | D:4      | Killed an ice beast
  2331 | D:4      | Reached XP level 6. HP: 53/59 MP: 5/5
  2494 | D:4      | Reached XP level 7. HP: 19/66 MP: 6/6
  2495 | D:4      | Slain by an orc

Illustrated notes

Levels and vault maps discovered:
D:1:      lemuel_arrival_lava_pool, layout_basic
D:2:      cheibrodos_old_hovel, layout_loops_ring
D:3:      kennysheep_the_goblin_king, layout_loops_ring, xom_redecorated,
          nicolae_qazlal_general_emergency, serial_shops, shop,
          kennysheep_flooded_box
D:4:      layout_loops_ring, kennysheep_orc_sif_temple,
          hangedman_decor_peaks_small, hex_medium, minmay_strange_pillars,
          st_stairs_7, hangedman_decor_lopped

Skill      XL: |  1  2  3  4  5 |
---------------+----------------+-----
Unarmed Combat | 3 4 |  4.3
Staves         | 1 2 |  2.7
Evocations     | 1 3 |  3.7
Fighting       | |  2.4
Dodging        | |  2.4
Shields        | |  2.6

Action                   |  1- 3 |  4- 6 |  7- 9 || total
-------------------------+-------+-------+-------++-------
Melee: Unarmed           |    83 |     5 |       ||    88
       Staff             |       |   132 |     2 ||   134
 Abil: Evoke the Staff o |       |     1 |       ||     1
  Use: Scroll            |     7 |     1 |       ||     8
       Potion            |       |     3 |       ||     3
 Stab: Sleeping          |     1 |     3 |       ||     4
Armor: Robe              |    27 |    31 |     2 ||    60
Dodge: Dodged            |    29 |    63 |     2 ||    94
Block: Kite shield       |    29 |    68 |       ||    97

Table legend: (Time is in decaauts)
 A = Elapsed time spent in this place.
 B = Non-inter-level travel time spent in this place.
 C = Inter-level travel time spent in this place.
 D = Time resting spent in this place.
 E = Time spent auto-exploring this place.
 F = Levels seen in this place.
 G = Mean time per level.
                   A        B        C        D        E       F      G
               +--------+--------+--------+--------+--------+-----+--------+
         Total |   2535 |   2415 |    120 |      0 |   1881 |   4 |  633.8 |
       Dungeon |   2535 |   2415 |    120 |      0 |   1881 |   4 |  633.8 |
               +--------+--------+--------+--------+--------+-----+--------+

Top non-repeatable levels by time:
     D:3: 835 daAuts
     D:1: 661 daAuts
     D:2: 658 daAuts
     D:4: 380 daAuts
